AoeStats
← The Kombucha Mushroom People

Hideout

509970557Analyzed
1v1 RM · 3d ago on Sep 28, 2026· 21m 13s· 2 players
Game mode
Random Map
Map size
Tiny (2 player)
Population
200
Speed
Normal
Resources
Standard
Victory
Conquest
Starting age
Dark Age
Ending age
Imperial Age
RankedLock teamsTeams togetherTeam positionsShared explorationLock speedFull tech treeHidden civsTurbo modeCheats
Victory
Defeat
🇬🇧 Saracens · United Kingdom
1572
+13
🇲🇽 Italians · Mexico
1505
-13
The Kombucha Mushroom People
6:10 Loom
8:29 Feudal Age
11:18 Double-Bit Axe
13:21 Fletching
15:29 Padded Archer Armor
21:06 Castle Age
20:59 Horse Collar
21:20 Gold Mining
21:08 Crossbowman
KOF ChavaAzcona
7:23 Loom
9:39 Feudal Age
10:11 Double-Bit Axe
13:09 Fletching
14:21 Padded Archer Armor
Connection lost

Rejoining the realm…

Still unreachable

The connection could not be restored.

Session expired

The server has moved on; the page needs a fresh start.